[Event "Team 45 45 League T51"]
[Site "Internet Chess Club"]
[Date "2011.12.17"]
[Round "6"]
[White "TerryMalloy"]
[Black "Boromir"]
[Result "1-0"]
[WhiteElo "1949"]
[BlackElo "1902"]
[Opening "Caro-Kann: Steinitz variation"]
[ECO "B17"]
[Time "08:07:29"]
[TimeControl "2700+45"]

1. e4 c6 2. d4 d5 3. Nd2 dxe4 4. Nxe4 Nd7 5. Ng5 Ngf6 6. Bc4 e6 7. Qe2 Nb6 8.
Bd3 h6 9. N5f3 Bd6 10. Ne5 Nbd7 11. Ngf3 c5 12. Be3 Qc7 13. O-O-O b6 14. Rhe1
O-O 15. g4 Bb7 16. g5 hxg5 17. Rg1 Bxf3 18. Qxf3 Bxe5 19. Rxg5 g6 20. dxe5 Nh7
21. Rg3 Nxe5 22. Qe4 Nxd3+ 23. Rxd3 Qe7 24. h4 Rfd8 25. h5 g5 26. Bxg5 Nxg5 27.
f4 Rxd3 28. cxd3 f6 29. Qxa8+ {Black resigns} 1-0

[Event "Team 45 45 League T51"]
[Site "Internet Chess Club"]
[Date "2011.12.20"]
[Round "6"]
[White "JeremyWa"]
[Black "crimsonviper"]
[Result "1-0"]
[WhiteElo "1730"]
[BlackElo "1865"]
[Opening "Center game: Paulsen attack"]
[ECO "C22"]
[Time "20:19:05"]
[TimeControl "2700+45"]

1. e4 e5 2. d4 exd4 3. Qxd4 Nc6 4. Qe3 d6 5. Bd2 Nf6 6. Nc3 Be7 7. O-O-O O-O 8.
f3 d5 9. exd5 Nxd5 10. Nxd5 Qxd5 11. Bb4 Qxa2 12. Bxe7 Re8 13. Qa3 {Black
resigns} 1-0

[Event "Team 45 45 League T51"]
[Site "Internet Chess Club"]
[Date "2011.12.18"]
[Round "6"]
[White "jps7"]
[Black "bondguy01"]
[Result "1-0"]
[WhiteElo "1778"]
[BlackElo "1671"]
[Opening "Queen's pawn game"]
[ECO "A46"]
[Time "13:00:32"]
[TimeControl "2700+45"]

1. d4 Nf6 2. Nf3 c5 3. e3 g6 4. Bd3 d5 5. O-O Bg7 6. Bb5+ Bd7 7. Bxd7+ Nbxd7 8.
c3 Qc7 9. Nbd2 O-O 10. b3 b5 11. Bb2 c4 12. bxc4 bxc4 13. a4 Qa5 14. Qc2 Rfe8
15. Ba3 Rab8 16. Bb4 Qc7 17. e4 a5 18. Ba3 dxe4 19. Nxe4 Nxe4 20. Qxe4 Rb3 21.
Qc2 e6 22. Rfb1 Reb8 23. Nd2 Rxb1+ 24. Rxb1 Rxb1+ 25. Qxb1 e5 26. Qb5 exd4 27.
Nxc4 dxc3 28. g3 c2 29. Qb3 Ne5 30. Nxa5 c1=Q+ 31. Bxc1 Qxc1+ 32. Kg2 Qc7 33.
Qb5 h5 34. Nb3 Qc6+ 35. Qxc6 Nxc6 36. a5 Bc3 37. a6 Kf8 38. Kf3 Ke7 39. Ke4 Kd6
40. f4 f5+ 41. Kd3 Bb4 42. Nd4 Nxd4 43. a7 {Black resigns} 1-0

[Event "Team 45 45 League T51"]
[Site "Internet Chess Club"]
[Date "2011.12.18"]
[Round "6"]
[White "alexping"]
[Black "Cadaz"]
[Result "1/2-1/2"]
[WhiteElo "1933"]
[BlackElo "1704"]
[Opening "King's Indian: 4.e4"]
[ECO "E70"]
[Time "11:03:10"]
[TimeControl "2700+45"]

1. d4 Nf6 2. c4 g6 3. Nc3 Bg7 4. e4 d6 5. Bd3 O-O 6. Nge2 Nc6 7. f3 e5 8. dxe5
Nxe5 9. Bg5 Be6 10. b3 h6 11. Bh4 g5 12. Bf2 Nh5 13. Rc1 c5 14. O-O Nxd3 15.
Qxd3 f5 16. exf5 Rxf5 17. Ne4 Qf8 18. Qxd6 Qxd6 19. Nxd6 Re5 20. Ne4 b6 21. Rcd1
Rf8 22. Rfe1 g4 23. N2g3 Nf4 24. fxg4 Bxg4 25. Rd2 h5 26. h3 Bc8 27. Nd6 Bxh3
28. gxh3 Nxh3+ 29. Kg2 Nxf2 30. Rxe5 Bxe5 31. Nxh5 Bxd6 32. Rxd6 Ne4 33. Rg6+
Kh7 34. Re6 Nc3 {Game drawn by mutual agreement} 1/2-1/2

[Event "Team 45 45 League T51"]
[Site "Internet Chess Club"]
[Date "2011.12.18"]
[Round "6"]
[White "puapaupau"]
[Black "misuc56"]
[Result "1/2-1/2"]
[WhiteElo "1692"]
[BlackElo "1808"]
[Opening "Sicilian: Nimzovich-Rossolimo attack (without ...d6)"]
[ECO "B30"]
[Time "17:00:06"]
[TimeControl "2700+45"]

1. e4 c5 2. Nf3 Nc6 3. Bb5 d6 4. O-O g6 5. d4 cxd4 6. Nxd4 Bd7 7. Be3 Bg7 8. Nc3
a6 9. Bxc6 bxc6 10. Qd2 Rb8 11. b3 c5 12. Nde2 h5 13. Rad1 Nf6 14. f4 Ng4 15. f5
Nxe3 16. Qxe3 gxf5 17. exf5 Be5 18. Ne4 f6 19. Kh1 Qc8 20. Rxd6 Kf8 21. Rd5 Bxf5
22. Rxe5 fxe5 23. Qg5 e6 24. Qf6+ Kg8 25. Qg5+ Kf8 26. Qf6+ Kg8 27. Rxf5 exf5
28. Qg6+ Kf8 29. Qf6+ Kg8 30. Qg6+ Kf8 31. Qf6+ Kg8 32. Qg6+ Kf8 33. Qf6+ {Game
drawn by repetition} 1/2-1/2

[Event "Team 45 45 League T51"]
[Site "Internet Chess Club"]
[Date "2011.12.18"]
[Round "6"]
[White "MontanaSky"]
[Black "mrneale"]
[Result "1-0"]
[WhiteElo "1731"]
[BlackElo "1442"]
[Opening "King's Indian: fianchetto variation"]
[ECO "E62"]
[Time "10:33:04"]
[TimeControl "2700+45"]

1. d4 Nf6 2. c4 g6 3. g3 Bg7 4. Nf3 d6 5. Nc3 O-O 6. Bg2 c6 7. O-O e6 8. e4 Re8
9. e5 dxe5 10. dxe5 Ng4 11. Qxd8 Rxd8 12. Bf4 f6 13. Rad1 Bd7 14. h3 fxe5 15.
Bg5 Nf6 16. Nxe5 Kf8 17. Ng4 Ke7 18. Ne4 Rf8 19. Nexf6 Bxf6 20. Bxf6+ Rxf6 21.
Nxf6 Kxf6 22. Rd6 Ke7 23. Rfd1 a6 24. h4 b5 25. c5 a5 26. Bh3 Ra7 27. Re1 Rc7
28. Bxe6 Bxe6 29. Rexe6+ Kf7 30. a3 b4 31. axb4 axb4 32. g4 Rb7 33. Kg2 b3 34.
Re3 Rb5 35. Rdd3 Rxc5 36. Rxb3 Nd7 37. Rb7 Rd5 38. Rc3 Rd6 39. Rc7 Ke6 40. R7xc6
Ne5 41. Rxd6+ Kxd6 42. f3 h6 43. b4 Nd7 44. Rd3+ Kc6 45. Rxd7 Kxd7 46. Kg3 Ke6
47. Kf4 Kd6 48. b5 {Black resigns} 1-0

[Event "Team 45 45 League T51"]
[Site "Internet Chess Club"]
[Date "2011.12.17"]
[Round "6"]
[White "lechuguita"]
[Black "rubo"]
[Result "1-0"]
[WhiteElo "1564"]
[BlackElo "1637"]
[Opening "Caro-Kann: classical, Spassky variation"]
[ECO "B19"]
[Time "14:02:34"]
[TimeControl "2700+45"]

1. e4 c6 2. d4 d5 3. Nc3 dxe4 4. Nxe4 Bf5 5. Ng3 Bg6 6. h4 h6 7. Nf3 Nd7 8. h5
Bh7 9. Bd3 Bxd3 10. Qxd3 Qc7 11. Bd2 e6 12. O-O-O Ngf6 13. Ne4 O-O-O 14. g3 Nxe4
15. Qxe4 Nf6 16. Qe2 Bd6 17. Ne5 Rhe8 18. Kb1 Re7 19. a3 c5 20. Rh4 Kb8 21. Nc4
Ka8 22. Nxd6 Qxd6 23. dxc5 Qd5 24. b3 Red7 25. Kb2 Qxc5 26. Bb4 Qb6 27. Rxd7
Rxd7 28. Bc3 Qd8 29. Ra4 Rd5 30. g4 Qc7 31. Rc4 Rc5 32. Be5 Qe7 33. Qd3 Ne8 34.
Rxc5 {Black resigns} 1-0

[Event "Team 45 45 League T51"]
[Site "Internet Chess Club"]
[Date "2011.12.16"]
[Round "6"]
[White "JustinSane"]
[Black "CaoCao"]
[Result "1-0"]
[WhiteElo "2092"]
[BlackElo "1880"]
[Opening "Queen's pawn: London system"]
[ECO "A45"]
[Time "14:39:38"]
[TimeControl "2700+45"]

1. d4 Nf6 2. Bf4 d5 3. e3 e6 4. Nd2 Bd6 5. Bg3 Bxg3 6. hxg3 b6 7. Ngf3 Nbd7 8.
Bb5 Bb7 9. Ne5 a6 10. Bc6 Bxc6 11. Nxc6 Qc8 12. Qf3 Qb7 13. Ne5 Nxe5 14. dxe5
Nd7 15. Qg4 Kf8 16. f4 Qc6 17. O-O-O Nc5 18. Nf3 Qa4 19. Kb1 Ne4 20. Ng5 Nxg5
21. Rd4 Qxd4 22. exd4 Ne4 23. f5 Nf2 24. Qf4 {Black resigns} 1-0

[Event "Team 45 45 League T51"]
[Site "Internet Chess Club"]
[Date "2011.12.17"]
[Round "6"]
[White "RamRock"]
[Black "fileman"]
[Result "0-1"]
[WhiteElo "1756"]
[BlackElo "1847"]
[Opening "KP: Nimzovich defense"]
[ECO "B00"]
[Time "11:01:52"]
[TimeControl "2700+45"]

1. e4 Nc6 2. d4 e5 3. dxe5 Nxe5 4. f4 Ng6 5. Nf3 Bc5 6. Bc4 d6 7. Nc3 a6 8. a3
Be6 9. Bd3 Bd7 10. Qe2 N8e7 11. Bd2 O-O 12. h4 Nc6 13. h5 Nge7 14. f5 f6 15. h6
g6 16. fxg6 Nxg6 17. Nh4 Nce5 18. Bc4+ Kh8 19. Nf5 Nxc4 20. Qxc4 Ne5 21. Qf1
Bxf5 22. Qxf5 Rg8 23. Nd5 Rxg2 24. O-O-O Rf2 25. Qh3 c6 26. Ne3 Qd7 27. Qg3 Rf3
28. Qg7+ Qxg7 29. hxg7+ Kxg7 30. Nf5+ Kh8 31. Bh6 Rg8 32. Nxd6 b5 33. Rh5 Bxd6
34. Rxd6 Rf1+ 35. Rd1 Rxd1+ 36. Kxd1 Rg1+ 37. Kd2 Rg4 38. Rf5 Nc4+ 39. Kd3 Nxb2+
40. Kd4 Rg6 41. Bf8 Nc4 42. Kc5 Nxa3 43. Kxc6 Nxc2 44. Kb6 b4 45. Kxa6 b3 46.
Rb5 f5+ 47. Ka5 Nd4 48. Rb7 fxe4 49. Ka4 Ra6+ 50. Kb4 b2 51. Kc3 Nf3 52. Kxb2
Re6 53. Bh6 Rxh6 54. Re7 Ng5 55. Kc2 Re6 56. Rd7 e3 {White resigns} 0-1

[Event "Team 45 45 League T51"]
[Site "Internet Chess Club"]
[Date "2011.12.17"]
[Round "6"]
[White "ice-cream"]
[Black "noblitz-oblige"]
[Result "0-1"]
[WhiteElo "1718"]
[BlackElo "1596"]
[Opening "Ruy Lopez: Möller defense"]
[ECO "C78"]
[Time "21:27:21"]
[TimeControl "2700+45"]

1. e4 e5 2. Nf3 Nc6 3. Bb5 a6 4. Ba4 Nf6 5. O-O Bc5 6. Re1 d6 7. h3 O-O 8. c3 b5
9. Bc2 h6 10. d4 exd4 11. cxd4 Bb6 12. Be3 Bb7 13. Nbd2 Re8 14. d5 Nb4 15. Bxb6
cxb6 16. Bb1 a5 17. Qe2 Nbxd5 18. Qxb5 Nf4 19. Nf1 Ba6 20. Qb3 Ne2+ 21. Kh1 Nxe4
22. Bxe4 Rxe4 23. Ne3 Nf4 24. Nd5 Bc4 25. Rxe4 Bxb3 26. Nxf4 Bc2 27. Re2 Ba4 28.
Rae1 Qf6 29. Nd5 Qd8 30. Nd4 Rb8 31. Ne7+ Kh7 32. Nec6 Qf6 33. Nxb8 Qxd4 34. Kg1
Qd5 35. b3 Bb5 36. Rc2 Qb7 37. a4 Bxa4 38. bxa4 Qxb8 39. Rd2 Qc7 40. Red1 Qc4
41. Rxd6 Qxa4 42. Rb1 b5 43. Kf1 Qc4+ 44. Ke1 Qe4+ 45. Kd2 Qxb1 {White resigns}
0-1

[Event "Team 45 45 League T51"]
[Site "Internet Chess Club"]
[Date "2011.12.19"]
[Round "6"]
[White "THE-MATRIX"]
[Black "fireball"]
[Result "0-1"]
[WhiteElo "1650"]
[BlackElo "1735"]
[Opening "French: Tarrasch, closed variation"]
[ECO "C05"]
[Time "18:00:54"]
[TimeControl "2700+45"]

1. e4 e6 2. d4 d5 3. Nd2 Nf6 4. e5 Nfd7 5. Bd3 c5 6. c3 Nc6 7. Ngf3 Qb6 8. Qa4
Qa5 9. Qd1 b5 10. Bc2 Ba6 11. Nb3 Qb6 12. Be3 b4 13. Qd2 cxd4 14. cxd4 h6 15. h4
Bc4 16. Nh2 a5 17. Rd1 a4 18. Nc1 b3 19. a3 bxc2 20. Qxc2 Bb3 21. Nxb3 axb3 22.
Qd3 Na5 23. f4 Nc4 24. Bc1 Be7 25. Nf3 Rb8 26. f5 Bxa3 27. fxe6 fxe6 28. Qg6+
Kd8 29. Qxg7 Kc7 30. Rd3 Rbg8 31. Qf7 Rxg2 32. bxa3 b2 33. Bxb2 Qxb2 {White
resigns} 0-1

[Event "Team 45 45 League T51"]
[Site "Internet Chess Club"]
[Date "2011.12.17"]
[Round "6"]
[White "Greedy-Reedy"]
[Black "perikitosax"]
[Result "1/2-1/2"]
[WhiteElo "2043"]
[BlackElo "2028"]
[Opening "Sicilian: Alapin's variation (2.c3)"]
[ECO "B22"]
[Time "09:56:12"]
[TimeControl "2700+45"]

1. e4 c5 2. c3 Nf6 3. e5 Nd5 4. d4 cxd4 5. Nf3 e6 6. cxd4 d6 7. Bc4 Nc6 8. O-O
Be7 9. Qe2 O-O 10. Qe4 Bd7 11. Re1 Rc8 12. a3 Qc7 13. Bd3 f5 14. exf6 Nxf6 15.
Qe2 Qa5 16. Bc4 Nxd4 17. Nxd4 Rxc4 18. Bd2 Qd5 19. Nf3 Rc2 20. Nc3 Qh5 21. Rab1
e5 22. Qc4+ Kh8 23. Qb3 Bf5 24. Qxb7 Bd8 25. Rbc1 Rxc1 26. Bxc1 Bb6 27. Be3 Bxe3
28. fxe3 e4 29. Nd4 Ng4 30. h3 Nf6 31. Nxf5 Qxf5 32. Rf1 Qc5 33. Qxe4 Rb8 34.
Qd4 Qxd4 35. exd4 Rxb2 36. Ne4 d5 37. Nxf6 gxf6 38. Rxf6 Rd2 39. Ra6 Rxd4 40.
Rxa7 Rd2 41. a4 d4 42. a5 d3 43. a6 Ra2 44. Ra8+ Kg7 45. a7 d2 46. Rd8 Rxa7 47.
Rxd2 h5 48. Kf2 Kg6 49. Ke3 Kg5 50. g3 Ra5 51. Ke4 Ra3 52. Rd5+ Kg6 53. Rd6+ Kg5
54. h4+ Kg4 55. Rg6+ Kh3 56. Kf4 Ra4+ 57. Kg5 Kxg3 58. Kxh5+ Kh3 59. Kg5 Rxh4
60. Rh6 Rxh6 61. Kxh6 {Game drawn because neither player has mating material}
1/2-1/2

[Event "Team 45 45 League T51"]
[Site "Internet Chess Club"]
[Date "2011.12.20"]
[Round "6"]
[White "bogolijubov"]
[Black "DARKwizard1"]
[Result "1-0"]
[WhiteElo "1891"]
[BlackElo "2120"]
[Opening "Nimzovich-Larsen attack: English variation"]
[ECO "A01"]
[Time "16:04:02"]
[TimeControl "2700+45"]

1. b3 c5 2. Bb2 Nc6 3. e3 d5 4. Nf3 Nf6 5. Bb5 Bd7 6. O-O g6 7. Re1 Bg7 8. d4
Ne4 9. Nbd2 f5 10. Bxc6 Bxc6 11. Nxe4 fxe4 12. Ne5 Bxe5 13. dxe5 e6 14. Qg4 Qe7
15. Rad1 O-O 16. c4 Rf5 17. Rd2 Raf8 18. Qd1 Qh4 19. Qe2 Rh5 20. h3 Rff5 21. Qg4
Qe7 22. cxd5 exd5 23. Red1 Qe6 24. a3 Rhg5 25. Qh4 Qe7 26. g3 Qe6 27. Rc1 Rh5
28. Qg4 Rhg5 29. Qh4 d4 30. exd4 e3 31. d5 exf2+ 32. Kh2 Bxd5 33. Rf1 Bc6 34.
Rd8+ Kg7 35. g4 Qxb3 36. Rxf2 Rxf2+ 37. Qxf2 Qf3 38. Qxf3 Bxf3 39. e6+ Kh6 40.
Bc1 {Black resigns} 1-0

[Event "Team 45 45 League T51"]
[Site "Internet Chess Club"]
[Date "2011.12.18"]
[Round "6"]
[White "achessman"]
[Black "tsia68"]
[Result "1/2-1/2"]
[WhiteElo "1977"]
[BlackElo "1804"]
[Opening "Pirc: Holmov system"]
[ECO "B07"]
[Time "09:08:06"]
[TimeControl "2700+45"]

1. e4 d6 2. d4 Nf6 3. Nc3 g6 4. Bc4 Bg7 5. Nf3 O-O 6. O-O Nxe4 7. Nxe4 d5 8.
Ned2 dxc4 9. Nxc4 b6 10. Re1 Nd7 11. Bf4 Bb7 12. c3 Nf6 13. Qe2 Re8 14. Rad1 Ne4
15. Nce5 f6 16. Nd3 Rc8 17. Nd2 Nxd2 18. Qe6+ Kf8 19. Rxd2 Bd5 20. Qh3 Kg8 21.
b3 Bf7 22. Bh6 c6 23. Bxg7 Kxg7 24. Rde2 Rc7 25. Nf4 Qd6 26. Qg4 e5 27. Nh5+ Kh8
28. dxe5 Rxe5 29. Rxe5 fxe5 30. Ng3 Be6 31. Qe2 Rd7 32. h3 Kg7 33. Qxe5+ Qxe5
34. Rxe5 Kf6 35. Re2 Rd1+ 36. Kh2 Bf5 37. Nxf5 Kxf5 38. Re7 Rd2 39. Rxa7 Ke6 40.
f3 h5 41. Rc7 Kd6 42. Rg7 Rxa2 43. Rxg6+ Kc7 44. f4 Ra3 45. f5 Rxb3 46. f6 Kd7
47. f7 Ke7 48. Rxc6 Kxf7 49. Kg3 Rb2 50. Kh4 Rxg2 51. Rxb6 Rc2 52. Rc6 Rh2 53.
c4 Kg7 54. c5 Rc2 55. Kxh5 Kf7 56. Kg5 Rg2+ 57. Kf5 Rf2+ 58. Ke5 Rc2 59. h4 Ke7
60. Rc7+ Kd8 61. Kd6 Rd2+ 62. Kc6 Rh2 63. Rh7 Rc2 64. h5 Rc1 65. h6 Rh1 66. Rd7+
Kc8 67. h7 Rh6+ 68. Rd6 Rxh7 69. Kb6 Rb7+ 70. Kc6 Rc7+ 71. Kb6 Rb7+ 72. Kc6 Rc7+
73. Kd5 Rh7 74. Rg6 Kc7 75. Ra6 Kb7 76. Rg6 Kc7 77. c6 Rh1 78. Rg7+ Kc8 79. Kd6
Rd1+ 80. Kc5 Rc1+ 81. Kb6 Rb1+ {Game drawn by mutual agreement} 1/2-1/2

[Event "Team 45 45 League T51"]
[Site "Internet Chess Club"]
[Date "2011.12.17"]
[Round "6"]
[White "CapitanTrueno"]
[Black "zap2"]
[Result "1/2-1/2"]
[WhiteElo "1799"]
[BlackElo "1836"]
[Opening "Caro-Kann: Steinitz variation"]
[ECO "B17"]
[Time "04:39:32"]
[TimeControl "2700+45"]

1. e4 c6 2. d4 d5 3. Nc3 dxe4 4. Nxe4 Nd7 5. Nf3 Ngf6 6. Nxf6+ Nxf6 7. Ne5 Nd7
8. Bf4 Nxe5 9. Bxe5 Qd5 10. c4 Qa5+ 11. Qd2 Qxd2+ 12. Kxd2 Bf5 13. Bd3 Bxd3 14.
Kxd3 Rd8 15. Kc3 f6 16. Bf4 b5 17. b3 b4+ 18. Kc2 Rxd4 19. Be3 Rd7 20. a3 e5 21.
axb4 Bxb4 22. Rxa7 Rxa7 23. Bxa7 Ke7 24. Ra1 Rd8 25. Be3 Rd7 26. Ra7 g6 27.
Rxd7+ Kxd7 28. Bd2 Bd6 29. b4 f5 30. h3 Ke6 31. Bc3 f4 32. f3 Kf5 33. Kd3 g5 34.
b5 cxb5 35. cxb5 h5 36. b6 Bb8 37. Bb4 g4 38. hxg4+ hxg4 39. Be7 Ke6 40. Bd8
gxf3 41. gxf3 Kd7 42. Bf6 Ke6 43. Bh8 Kd5 44. Bg7 Bd6 45. Bf6 {Game drawn by
mutual agreement} 1/2-1/2

[Event "Team 45 45 League T51"]
[Site "Internet Chess Club"]
[Date "2011.12.19"]
[Round "6"]
[White "RdgMx"]
[Black "eurander"]
[Result "0-1"]
[WhiteElo "1852"]
[BlackElo "2191"]
[Opening "QGD Slav: exchange variation"]
[ECO "D13"]
[Time "15:00:53"]
[TimeControl "2700+45"]

1. Nf3 d5 2. c4 c6 3. cxd5 cxd5 4. d4 Nf6 5. Nc3 Nc6 6. Qb3 e6 7. Bf4 Be7 8. e3
O-O 9. Bd3 a6 10. a4 Nb4 11. Ne5 Nh5 12. Bg3 f6 13. Be2 Nxg3 14. hxg3 fxe5 15.
dxe5 Bd7 16. Rd1 Bc6 17. Rd4 a5 18. Bg4 Bd7 19. Rxb4 Bxb4 20. Qc2 g6 {White
resigns} 0-1

[Event "Team 45 45 League T51"]
[Site "Internet Chess Club"]
[Date "2011.12.20"]
[Round "6"]
[White "VietLion"]
[Black "primerpaso"]
[Result "1-0"]
[WhiteElo "1970"]
[BlackElo "1861"]
[Opening "Sicilian: Najdorf, 7...Be7 main line"]
[ECO "B99"]
[Time "16:02:44"]
[TimeControl "2700+45"]

1. e4 c5 2. Nf3 d6 3. d4 cxd4 4. Nxd4 Nf6 5. Nc3 a6 6. Bg5 e6 7. f4 Be7 8. Qf3
Qc7 9. O-O-O Nbd7 10. g4 Nc5 11. e5 dxe5 12. fxe5 Nd5 13. Bxe7 Qxe7 14. Nf5 Qg5+
15. Rd2 O-O 16. h4 Qf4 17. Qxf4 Nxf4 18. Ne7+ Kh8 19. b4 Nd7 20. Nxc8 Raxc8 21.
Rxd7 Rxc3 22. Rxb7 Ng6 23. Bxa6 Nxe5 24. Kb2 Rfc8 25. Rc1 R3c6 26. Be2 f5 27.
gxf5 exf5 28. c4 Kg8 29. c5 f4 30. Re7 Ng6 31. Bc4+ Kh8 32. Rf7 Nxh4 33. Rxf4
Ng6 34. Re4 Nf8 35. Bd5 Rf6 36. c6 Rd6 37. Rc5 g5 38. b5 Kg7 39. b6 {Black
resigns} 1-0

[Event "Team 45 45 League T51"]
[Site "Internet Chess Club"]
[Date "2011.12.17"]
[Round "6"]
[White "Kueh"]
[Black "subterfuge"]
[Result "1-0"]
[WhiteElo "1962"]
[BlackElo "1702"]
[Opening "Caro-Kann: Steinitz variation"]
[ECO "B17"]
[Time "17:00:08"]
[TimeControl "2700+45"]

1. e4 c6 2. d4 d5 3. Nd2 dxe4 4. Nxe4 Nd7 5. Ng5 Ndf6 6. Bc4 e6 7. Ne2 Bd6 8.
O-O Qe7 9. Re1 Bd7 10. Bf4 h6 11. Nf3 O-O-O 12. Be5 g5 13. Ng3 Bxe5 14. dxe5 Nd5
15. Bxd5 cxd5 16. c4 Bc6 17. Nd4 Qc5 18. Nxc6 Qxc6 19. cxd5 Qxd5 20. Qa4 Qd4 21.
Rac1+ Kb8 22. Red1 Qb6 23. Rd7 a6 24. Rxf7 Rd4 25. Qc2 Ne7 26. Rxe7 Rf8 27. Qc7+
Ka7 28. Qxb6+ Kxb6 29. Rxe6+ Ka7 30. Nf1 {Black resigns} 1-0

[Event "Team 45 45 League T51"]
[Site "Internet Chess Club"]
[Date "2011.12.16"]
[Round "6"]
[White "RD1974"]
[Black "CaoCao"]
[Result "0-1"]
[WhiteElo "1635"]
[BlackElo "1886"]
[Opening "Réti opening"]
[ECO "A04"]
[Time "18:01:52"]
[TimeControl "2700+45"]

1. Nf3 d6 2. g3 e5 3. d3 Nc6 4. Bg2 f5 5. Nbd2 Nf6 6. e4 fxe4 7. dxe4 Be7 8. O-O
O-O 9. c3 Qe8 10. Re1 Qh5 11. h4 Kh8 12. Qb3 Nd7 13. Qc2 a5 14. a3 Nc5 15. b4
axb4 16. Bb2 b3 17. Qb1 Be6 18. Re3 Na5 19. a4 Nc4 20. Nxc4 Bxc4 21. a5 Rf7 22.
Qd1 h6 23. Nd2 Qxd1+ 24. Rxd1 Be6 25. Ra1 Raf8 26. f3 g5 27. h5 g4 28. Ba3 Bg5
29. Bxc5 dxc5 30. Rd3 Bxd2 31. Rxd2 gxf3 32. Bf1 f2+ 33. Kg2 Bg4 34. a6 bxa6 35.
Rxa6 Bf3+ 36. Kh3 Bxe4 37. Ra5 Bc2 38. Rb5 Ra8 39. Kh4 e4 40. Rb7 e3 41. Re2 Bd3
42. Rxe3 Bxf1 43. Re6 Bd3 44. Rxh6+ Kg7 45. Kg5 Rf5+ 46. Kg4 Kxh6 47. Rxc7 Ra4+
48. c4 Rxc4+ 49. Kh3 f1=Q+ 50. Kh2 Rf2# {White checkmated} 0-1

[Event "Team 45 45 League T51"]
[Site "Internet Chess Club"]
[Date "2011.12.18"]
[Round "6"]
[White "carokantor"]
[Black "bobhill"]
[Result "1-0"]
[WhiteElo "2098"]
[BlackElo "1964"]
[Opening "Sicilian: Grand Prix attack"]
[ECO "B21"]
[Time "22:55:21"]
[TimeControl "2700+45"]

1. e4 c5 2. f4 Nc6 3. Nf3 g6 4. Nc3 Bg7 5. Bb5 a6 6. Bxc6 bxc6 7. O-O d6 8. d3
Nf6 9. e5 Nd5 10. Ne4 O-O 11. c4 Nc7 12. Re1 Bf5 13. Qa4 Bxe4 14. dxe4 dxe5 15.
Rd1 Qc8 16. fxe5 Ne6 17. Be3 Qc7 18. Rd2 Rad8 19. Rad1 Rxd2 20. Rxd2 Nd4 21.
Bxd4 cxd4 22. c5 Bh6 23. Rd1 Be3+ 24. Kh1 a5 25. Nxd4 Qxe5 26. Nxc6 Qxc5 27.
Nxa5 Ra8 28. b4 Qh5 29. Qc2 Bf4 30. h3 Qh4 31. Qc3 Bd6 32. Nb7 Qh5 33. Rd5 Qe2
34. Nxd6 exd6 35. Rxd6 Qf1+ 36. Kh2 Qf4+ 37. Qg3 Qxe4 38. a3 h5 39. Rd3 Rc8 40.
Re3 Qb1 41. Qf4 Qa1 42. Re7 Rf8 43. Ra7 Qg7 44. b5 g5 45. Qf5 g4 46. h4 Qd4 47.
Qg5+ Kh8 48. Qxh5+ Kg8 49. Qg5+ Kh8 50. Qh6+ Kg8 51. Re7 Qd1 52. Qg5+ Kh8 53.
Qf6+ Kg8 54. Re5 g3+ 55. Kxg3 Qd3+ 56. Kh2 Rd8 57. Rg5+ Kf8 58. Qh6+ Ke7 59.
Re5+ Kd7 60. Qc6# {Black checkmated} 1-0

[Event "Team 45 45 League T51"]
[Site "Internet Chess Club"]
[Date "2011.12.15"]
[Round "6"]
[White "BuddyT"]
[Black "bgolev"]
[Result "1-0"]
[WhiteElo "1824"]
[BlackElo "1808"]
[Opening "QGD Slav: 4.e3 Bf5"]
[ECO "D12"]
[Time "21:03:14"]
[TimeControl "2700+45"]

1. d4 Nf6 2. Nf3 d5 3. c4 c6 4. e3 Bf5 5. cxd5 cxd5 6. Qb3 b6 7. Bd2 e6 8. Bb5+
Nfd7 9. Ne5 f6 10. Nxd7 Nxd7 11. Nc3 Bd6 12. e4 dxe4 13. Nxe4 Qe7 14. Nxd6+ Qxd6
15. O-O Rd8 16. Bb4 Qb8 17. Rfe1 Kf7 18. g4 Bxg4 19. d5 Ne5 20. dxe6+ Bxe6 21.
Qe3 Qb7 22. Be2 Rhe8 23. f4 Nc4 24. Qg3 Kg8 25. b3 a5 26. Bxc4 Bxc4 27. Bc3 Bd5
28. Bxf6 Rxe1+ 29. Rxe1 Qc7 30. Bxd8 Qxd8 31. Qd3 Qa8 32. Re5 Bh1 33. Qg3 Qc6
34. h4 Bf3 35. Qe1 h6 36. Re7 Qg6+ 37. Kf2 Qg2+ 38. Ke3 Bc6 39. Qf2 Qd5 40. Re5
Qd1 41. Qe2 Qg1+ 42. Qf2 Qc1+ 43. Qd2 Qg1+ 44. Kd3 Qg3+ 45. Kc2 Qxh4 46. Qd6
Qf2+ 47. Kb1 Qf1+ 48. Kb2 Qf2+ 49. Ka3 Qc2 50. Qe6+ Kh8 51. Qc8+ Kh7 52. Qf5+
Qxf5 53. Rxf5 b5 54. Rc5 Be8 55. Kb2 Kg8 56. Kc3 Kf7 57. Kd4 Kf6 58. Ke4 g6 59.
Rc8 Bd7 60. Rf8+ Ke7 61. Rb8 a4 62. b4 h5 63. Ke5 Be8 64. a3 Bd7 65. Rb7 h4 66.
Rb6 Kf7 67. Rd6 Bf5 68. Rd2 h3 69. Kd5 Be6+ 70. Kc5 Bc4 71. Kd4 Kf6 72. Ke3 Kf5
73. Kf3 Bf1 74. Rd5+ Ke6 75. Re5+ Kf6 76. Kg3 Kf7 77. Kh2 Kf6 78. Kg1 Bc4 79.
Rg5 Bd3 80. Kh2 Bf5 81. Rg3 Ke6 82. Rc3 Kd6 83. Kg3 Be6 84. Rc5 Bd7 85. Kh2 Ke7
86. Kg3 Kf6 87. Rc7 Ke7 88. Rb7 Kd8 89. Rb6 Bf5 90. Rxb5 Kc7 91. Ra5 Bc2 92.
Kxh3 Kb6 93. Kh4 {Black resigns} 1-0

[Event "Team 45 45 League T51"]
[Site "Internet Chess Club"]
[Date "2011.12.15"]
[Round "6"]
[White "room-matt"]
[Black "badmove"]
[Result "1-0"]
[WhiteElo "1731"]
[BlackElo "1731"]
[Opening "Vienna gambit"]
[ECO "C25"]
[Time "15:06:33"]
[TimeControl "2700+45"]

1. e4 e5 2. Nc3 Nc6 3. f4 Bc5 4. Nf3 d6 5. Bb5 Ne7 6. fxe5 dxe5 7. Nxe5 Qd4 8.
Nd3 Bb6 9. Qf3 O-O 10. b3 Qd6 11. Bxc6 bxc6 12. a4 Bd4 13. Ba3 Qe6 14. O-O-O Ng6
15. Bxf8 Nxf8 16. Rhf1 Qe7 17. Kb2 Rb8 18. Nf4 Ne6 19. Ne2 Bf6 20. Qe3 c5 21. d3
Nd4 22. Kb1 Nxb3 23. cxb3 Rxb3+ 24. Kc2 Qe5 25. Kxb3 Be6+ 26. Kc2 {Black
resigns} 1-0

[Event "Team 45 45 League T51"]
[Site "Internet Chess Club"]
[Date "2011.12.19"]
[Round "6"]
[White "searchforbobby1"]
[Black "chess9793"]
[Result "0-1"]
[WhiteElo "2165"]
[BlackElo "2137"]
[Opening "Sicilian: Alapin's variation (2.c3)"]
[ECO "B22"]
[Time "22:19:00"]
[TimeControl "2700+45"]

1. e4 c5 2. c3 Nf6 3. e5 Nd5 4. d4 cxd4 5. Nf3 Nc6 6. cxd4 d6 7. Bc4 Nb6 8. Bb3
dxe5 9. d5 Na5 10. Nc3 Nxb3 11. Qxb3 e6 12. Nxe5 Bd6 13. Qb5+ Kf8 14. dxe6 Bxe6
15. Be3 Qc7 16. f4 Nc4 17. Nxc4 Bxc4 18. Qf5 Re8 19. Kf2 h5 20. Rad1 Rh6 21.
Rhe1 Be6 22. Qd3 Bxf4 23. Nb5 Bxe3+ 24. Rxe3 Qxh2 25. Qd6+ Qxd6 26. Nxd6 Rd8 27.
Red3 Bxa2 28. Nf5 Rxd3 29. Rxd3 Re6 30. Rd8+ Re8 31. Rxe8+ Kxe8 32. Nxg7+ Kd7
33. Nxh5 Kc6 34. Ke3 Kb5 35. Kd3 Kb4 36. Kc2 Bb3+ 37. Kc1 Be6 38. Nf4 a5 39.
Nd3+ Kc4 40. Kd2 Kd4 41. Nc1 Bd5 42. Ne2+ Ke5 43. g3 Bc6 44. Ke3 Bb5 45. Nd4 Bd7
46. Nf3+ Kd5 47. Ng5 f6 48. Ne4 Ke5 49. Nc5 Bc8 50. Nd3+ Kf5 51. Nc5 Kg4 52. Kf2
Kf5 53. Ke3 Ke5 54. Ne4 b6 55. Nd2 Be6 56. Nf3+ Kd5 57. Nd4 Bd7 58. Ne2 Kc4 59.
Kd2 b5 60. Nc3 Bc6 61. Nd1 Kb3 62. Kc1 Bd7 63. Nc3 Bc6 64. Ne2 Kc4 65. Kd2 b4
66. Nf4 a4 67. Kc1 Kd4 68. Nh5 f5 69. Ng7 Bd7 70. Nh5 Ke3 71. Nf4 Bc6 72. Ne6
Kf2 73. Nd4 Be4 74. Nxf5 Bxf5 75. g4 Bxg4 76. Kb1 Ke3 77. Ka2 Kd3 78. Kb1 Kc4
79. Ka2 Be6 80. Kb1 Kb3 81. Ka1 a3 82. bxa3 Kxa3 83. Kb1 b3 {White resigns} 0-1